| TOP OF THE 1ST |
|
San Diego Padres batting - Pitching for Arizona Diamondbacks : RHP Miguel Martinez
|
|
Pitching: RHP Miguel Martinez
|
|
|
Batting: RHB Jorge Severiano
|
0-0: Ball 1-0: Ball 2-0: Ball 3-0: Foul Ball, location: 2F 3-1: Base on Balls
|
|
Batting: LHB Mike Holt
|
0-0: Ball 1-0: Foul Ball, location: 2F 1-1: Called Strike 1-2: Ball 2-2: SINGLE (Groundball, 34D, EV 95.0 MPH) Jorge Severiano to second Runner from 2nd tries for 3rd, SAFE, throw by RF made to third
|
|
Batting: SHB Phil Zacharia
|
0-0: Ball 1-0: Foul Ball, location: 2F 1-1: Ball 2-1: Ball 3-1: Foul Ball, location: 2F 3-2: 3-RUN HOME RUN (Flyball, 7LD, EV 95.6 MPH), Distance : 353 ft
|
|
Batting: LHB Aaron LeBlanc
|
0-0: Foul Ball, location: 2F 0-1: Ball 1-1: Foul Ball, location: 2F 1-2: DOUBLE (Line Drive, 5D, EV 99.4 MPH)
|
|
Batting: RHB Manny Vergara
|
0-0: Foul Ball, location: 2F 0-1: Fly out, F8 (Flyball, 8LS, EV 91.2 MPH)
|
|
Batting: SHB Rich Chavez
|
0-0: Ball 1-0: SINGLE (Groundball, P, EV 81.9 MPH) (infield hit) Aaron LeBlanc to third
|
|
Batting: RHB Chiel Palstermans
|
0-0: Called Strike 0-1: Called Strike 0-2: Ball 1-2: Ball 2-2: SINGLE (Line Drive, 4MD, EV 97.5 MPH) Aaron LeBlanc scores Rich Chavez to second
|
|
Batting: RHB Andy Sheridan
|
0-0: Foul Ball, location: 2F 0-1: Foul Ball, location: 2F 0-2: Foul Ball, location: 2F 0-2: Ball 1-2: Strikes out swinging
|
|
Batting: RHB Jose Morrissey
|
0-0: DOUBLE (Groundball, 5L, EV 103.1 MPH) Rich Chavez scores Chiel Palstermans to third Runner from 3rd tries for Home, throw by LF and OUT! 7-6-2
|
| Top of the 1st over - 5 runs, 6 hits, 0 errors, 1 left on base; San Diego 5 - Arizona 0 |
| BOTTOM OF THE 1ST |
|
Arizona Diamondbacks batting - Pitching for San Diego Padres : LHP Randolph Rayner
|
|
Pitching: LHP Randolph Rayner
|
|
|
Batting: RHB Katilimomi Kelekolio
|
0-0: Hit by Pitch
|
|
Batting: SHB Alec Thorpe
|
0-0: Ball 1-0: Foul Ball, location: 2F 1-1: Foul Ball, location: 2F 1-2: Grounds into double play, 4-6-3 (Groundball, 4, EV 91.2 MPH)
|
|
Batting: RHB Andy Swaim
|
0-0: Ball 1-0: Foul Ball, location: 2F 1-1: Ball 2-1: DOUBLE (Flyball, 78XD, EV 100.6 MPH)
|
|
Batting: RHB Billy Crookston
|
0-0: Ball 1-0: Swinging Strike 1-1: Ball 2-1: Swinging Strike 2-2: Ball 3-2: Strikes out swinging
|
| Bottom of the 1st over - 0 runs, 1 hit, 0 errors, 1 left on base; San Diego 5 - Arizona 0 |
| TOP OF THE 2ND |
|
San Diego Padres batting - Pitching for Arizona Diamondbacks : RHP Miguel Martinez
|
|
Batting: RHB Jorge Severiano
|
0-0: Ball 1-0: Ball 2-0: Swinging Strike 2-1: Ball 3-1: SINGLE (Line Drive, 6D, EV 107.5 MPH)
|
|
Batting: LHB Mike Holt
|
0-0: Ball 1-0: Reached on error, E4 (Groundball, 4, EV 81.9 MPH) Jorge Severiano to second
|
|
Batting: SHB Phil Zacharia
|
0-0: Ball 1-0: Ball 2-0: Ball 3-0: Called Strike 3-1: 3-RUN HOME RUN (Flyball, 78XD, EV 104.4 MPH), Distance : 400 ft
|
|
Pitching: RHP David Mendoza
|
|
|
Batting: LHB Aaron LeBlanc
|
0-0: Ball 1-0: Called Strike 1-1: Ball 2-1: Ball 3-1: Called Strike 3-2: DOUBLE (Groundball, 3D, EV 99.4 MPH)
|
|
Batting: RHB Manny Vergara
|
0-0: Called Strike 0-1: Fly out, F8 (Flyball, 8RD, EV 99.4 MPH)
|
|
Batting: SHB Rich Chavez
|
0-0: Called Strike 0-1: Ball 1-1: SINGLE (Groundball, 4D, EV 95.6 MPH) Aaron LeBlanc to third Runner from 3rd tries for Home, SAFE, throw by CF to home Rich Chavez to second
|
|
Batting: RHB Chiel Palstermans
|
0-0: Foul Ball, location: 2F 0-1: Swinging Strike 0-2: Ball 1-2: Ball 2-2: Strikes out swinging
|
|
Batting: RHB Andy Sheridan
|
0-0: Ball 1-0: Called Strike 1-1: Swinging Strike 1-2: Ball 2-2: Ball 3-2: Strikes out looking
|
| Top of the 2nd over - 4 runs, 4 hits, 1 error, 1 left on base; San Diego 9 - Arizona 0 |
| BOTTOM OF THE 2ND |
|
Arizona Diamondbacks batting - Pitching for San Diego Padres : LHP Randolph Rayner
|
|
Batting: RHB Jon Solano
|
0-0: Called Strike 0-1: Ball 1-1: Ball 2-1: Ball 3-1: Foul Ball, location: 2F 3-2: Strikes out looking
|
|
Batting: SHB Warren Eisner
|
0-0: Ball 1-0: Ball 2-0: Called Strike 2-1: Ball 3-1: Foul Ball, location: 2F 3-2: Foul Ball, location: 2F 3-2: Base on Balls
|
|
Batting: LHB Roy Steigerwald
|
0-0: Ball 1-0: Swinging Strike 1-1: Ball 2-1: SINGLE (Groundball, 6M, EV 88.8 MPH) (infield hit) Warren Eisner to second
|
|
Batting: RHB Fabrice Bertin
|
0-0: Called Strike 0-1: Swinging Strike 0-2: Strikes out swinging
|
|
Batting: LHB Jeff Densmore
|
0-0: Ball 1-0: Swinging Strike 1-1: Swinging Strike 1-2: Ball 2-2: Strikes out looking
|
| Bottom of the 2nd over - 0 runs, 1 hit, 0 errors, 2 left on base; San Diego 9 - Arizona 0 |
| TOP OF THE 3RD |
|
San Diego Padres batting - Pitching for Arizona Diamondbacks : RHP David Mendoza
|
|
Batting: RHB Jose Morrissey
|
0-0: Ground out 6-3 (Groundball, 6, EV 93.1 MPH)
|
|
Batting: RHB Jorge Severiano
|
0-0: Ball 1-0: Ball 2-0: Called Strike 2-1: Called Strike 2-2: Strikes out swinging
|
|
Batting: LHB Mike Holt
|
0-0: Ball 1-0: Ball 2-0: Called Strike 2-1: Ball 3-1: Called Strike 3-2: Base on Balls
|
|
Batting: SHB Phil Zacharia
|
0-0: Foul Ball, location: 2F 0-1: Ball 1-1: Swinging Strike 1-2: Strikes out swinging
|
| Top of the 3rd over - 0 runs, 0 hits, 0 errors, 1 left on base; San Diego 9 - Arizona 0 |
| BOTTOM OF THE 3RD |
|
Arizona Diamondbacks batting - Pitching for San Diego Padres : LHP Randolph Rayner
|
|
Batting: RHB Katilimomi Kelekolio
|
0-0: Called Strike 0-1: Ball 1-1: Called Strike 1-2: Ball 2-2: Strikes out looking
|
|
Batting: SHB Alec Thorpe
|
0-0: Fly out, F9 (Flyball, 89S, EV 96.9 MPH)
|
|
Batting: RHB Andy Swaim
|
0-0: Ball 1-0: Foul Ball, location: 2F 1-1: Called Strike 1-2: Strikes out swinging
|
| Bottom of the 3rd over - 0 runs, 0 hits, 0 errors, 0 left on base; San Diego 9 - Arizona 0 |
| TOP OF THE 4TH |
|
San Diego Padres batting - Pitching for Arizona Diamondbacks : RHP David Mendoza
|
|
Batting: LHB Aaron LeBlanc
|
0-0: Called Strike 0-1: Foul Ball, location: 2F 0-2: Ball 1-2: Ball 2-2: Ball 3-2: Ground out 3-1 (Groundball, 34S, EV 90.0 MPH)
|
|
Batting: RHB Manny Vergara
|
0-0: Ball 1-0: Ball 2-0: Foul Ball, location: 2F 2-1: Called Strike 2-2: Foul Ball, location: 2F 2-2: Strikes out swinging
|
|
Batting: SHB Rich Chavez
|
0-0: Called Strike 0-1: Ball 1-1: Ball 2-1: Foul Ball, location: 2F 2-2: Ball 3-2: Ground out 6-3 (Groundball, 6, EV 84.4 MPH)
|
| Top of the 4th over - 0 runs, 0 hits, 0 errors, 0 left on base; San Diego 9 - Arizona 0 |
| BOTTOM OF THE 4TH |
|
Arizona Diamondbacks batting - Pitching for San Diego Padres : LHP Randolph Rayner
|
|
Batting: RHB Billy Crookston
|
0-0: Called Strike 0-1: Called Strike 0-2: Ball 1-2: Foul Ball, location: 2F 1-2: Strikes out looking
|
|
Batting: RHB Jon Solano
|
0-0: Called Strike 0-1: Foul Ball, location: 2F 0-2: Strikes out swinging
|
|
Batting: SHB Warren Eisner
|
0-0: Ball 1-0: Ball 2-0: SINGLE (Groundball, 5S, EV 95.6 MPH)
|
|
Batting: LHB Roy Steigerwald
|
0-0: Called Strike 0-1: Ball 1-1: Ball 2-1: Ball 3-1: Base on Balls Warren Eisner to second
|
|
Batting: RHB Fabrice Bertin
|
0-0: Ball 1-0: Swinging Strike 1-1: Foul Ball, location: 2F 1-2: SINGLE (Line Drive, 8LS, EV 106.2 MPH) Warren Eisner to third Roy Steigerwald to second Runner from 3rd tries for Home, SAFE, throw by CF to home
|
|
Batting: LHB Jeff Densmore
|
0-0: Ball 1-0: Ball 2-0: Swinging Strike 2-1: Ball 3-1: Base on Balls Roy Steigerwald to third Fabrice Bertin to second
|
|
Batting: RHB Katilimomi Kelekolio
|
0-0: Called Strike 0-1: Foul Ball, location: 2F 0-2: Strikes out swinging
|
| Bottom of the 4th over - 1 run, 2 hits, 0 errors, 3 left on base; San Diego 9 - Arizona 1 |
| TOP OF THE 5TH |
|
San Diego Padres batting - Pitching for Arizona Diamondbacks : RHP David Mendoza
|
|
Batting: RHB Chiel Palstermans
|
0-0: Called Strike 0-1: Ball 1-1: Ball 2-1: Swinging Strike 2-2: Ball 3-2: Base on Balls
|
|
Pitching: RHP Raul Sanchez
|
|
|
Batting: RHB Andy Sheridan
|
0-0: Foul Ball, location: 2F 0-1: SINGLE (Groundball, 6D, EV 95.6 MPH) Chiel Palstermans to second
|
|
Batting: RHB Jose Morrissey
|
0-0: Ball 1-0: Ball 2-0: Called Strike 2-1: SINGLE (Flyball, 8RS, EV 98.1 MPH) Chiel Palstermans to third Andy Sheridan to second
|
|
Batting: RHB Jorge Severiano
|
0-0: Ball 1-0: Called Strike 1-1: Foul Ball, location: 2F 1-2: Fly out, F8 (Line Drive, 8RM, EV 86.2 MPH)
|
|
Batting: LHB Mike Holt
|
0-0: Ball 1-0: Reached on error, E3 (Groundball, 3, EV 86.9 MPH) Chiel Palstermans scores Andy Sheridan to third Jose Morrissey to second
|
|
Batting: SHB Phil Zacharia
|
0-0: Ball 1-0: Ball 2-0: Ball 3-0: Called Strike 3-1: Foul Ball, location: 2F 3-2: Strikes out swinging
|
|
Batting: LHB Aaron LeBlanc
|
0-0: Fly out, F8 (Flyball, 8RM, EV 73.1 MPH)
|
| Top of the 5th over - 1 run, 2 hits, 1 error, 3 left on base; San Diego 10 - Arizona 1 |
| BOTTOM OF THE 5TH |
|
Arizona Diamondbacks batting - Pitching for San Diego Padres : LHP Randolph Rayner
|
|
Batting: SHB Alec Thorpe
|
0-0: Called Strike 0-1: Swinging Strike 0-2: Ball 1-2: SOLO HOME RUN (Flyball, 9D, EV 96.2 MPH), Distance : 373 ft
|
|
Batting: RHB Andy Swaim
|
0-0: Ball 1-0: Ball 2-0: Ball 3-0: Swinging Strike 3-1: Base on Balls
|
|
Batting: RHB Billy Crookston
|
0-0: Called Strike Andy Swaim is caught stealing 2nd base 2-4 0-1: Ground out 4-3 (Groundball, 6MD, EV 81.9 MPH)
|
|
Batting: RHB Jon Solano
|
0-0: Called Strike 0-1: Swinging Strike 0-2: Ball 1-2: Fly out, F7 (Flyball, BS2, EV 111.9 MPH)
|
| Bottom of the 5th over - 1 run, 1 hit, 0 errors, 0 left on base; San Diego 10 - Arizona 2 |
| TOP OF THE 6TH |
|
San Diego Padres batting - Pitching for Arizona Diamondbacks : RHP Raul Sanchez
|
|
Batting: RHB Manny Vergara
|
0-0: Ball 1-0: Called Strike 1-1: SINGLE (Line Drive, 56D, EV 100.0 MPH)
|
|
Batting: SHB Rich Chavez
|
0-0: Called Strike 0-1: Grounds into double play, 3-6-3 (Groundball, 34S, EV 79.4 MPH)
|
|
Batting: RHB Chiel Palstermans
|
0-0: Ball 1-0: Ball 2-0: DOUBLE (Line Drive, 9LM, EV 106.2 MPH)
|
|
Batting: RHB Andy Sheridan
|
0-0: Ball 1-0: Swinging Strike 1-1: Ball 2-1: Ball 3-1: Called Strike 3-2: Ground out 5-3 (Groundball, 5, EV 83.1 MPH)
|
| Top of the 6th over - 0 runs, 2 hits, 0 errors, 1 left on base; San Diego 10 - Arizona 2 |
| BOTTOM OF THE 6TH |
|
Arizona Diamondbacks batting - Pitching for San Diego Padres : LHP Randolph Rayner
|
|
Batting: SHB Warren Eisner
|
0-0: Ground out 6-3 (Groundball, 6, EV 90.6 MPH)
|
|
Batting: LHB Roy Steigerwald
|
0-0: Ball 1-0: Foul Ball, location: 2F 1-1: Foul Ball, location: 2F 1-2: Foul Ball, location: 2F 1-2: SINGLE (Groundball, 4D, EV 96.2 MPH)
|
|
Batting: RHB Fabrice Bertin
|
0-0: Ball 1-0: Ball Roy Steigerwald is caught stealing 2nd base 2-4 2-0: Foul Ball, location: 2F 2-1: Fly out, F7 (Flyball, 7, EV 85.6 MPH)
|
| Bottom of the 6th over - 0 runs, 1 hit, 0 errors, 0 left on base; San Diego 10 - Arizona 2 |
| TOP OF THE 7TH |
|
San Diego Padres batting - Pitching for Arizona Diamondbacks : RHP Raul Sanchez
|
|
Pinch Hitting: RHB Rodolfo Rivera
|
0-0: Ball 1-0: Swinging Strike 1-1: Ground out 4-3 (Groundball, 34D, EV 88.8 MPH)
|
|
Batting: RHB Jorge Severiano
|
0-0: Ball 1-0: Ball 2-0: Called Strike 2-1: Ball 3-1: Fly out, F3 (Popup, 3F, EV 67.5 MPH)
|
|
Pinch Hitting: SHB Quido van Erp
|
0-0: Called Strike 0-1: Ball 1-1: Ball 2-1: Called Strike 2-2: Foul Ball, location: 2F 2-2: Strikes out looking
|
| Top of the 7th over - 0 runs, 0 hits, 0 errors, 0 left on base; San Diego 10 - Arizona 2 |
| BOTTOM OF THE 7TH |
|
Arizona Diamondbacks batting - Pitching for San Diego Padres : LHP Randolph Rayner
|
|
Pitching: RHP Bobby Mauk
|
|
|
Now at 3B: Rodolfo Rivera
|
|
|
Now in LF: Quido van Erp
|
|
|
Now in CF: Phil Zacharia
|
|
|
Batting: LHB Jeff Densmore
|
0-0: Ball 1-0: Called Strike 1-1: Ball 2-1: SINGLE (Line Drive, 6MD, EV 94.4 MPH)
|
|
Batting: RHB Katilimomi Kelekolio
|
0-0: Called Strike 0-1: Ball 1-1: Called Strike 1-2: Fly out, F9 (Flyball, 9D, EV 91.9 MPH)
|
|
Batting: SHB Alec Thorpe
|
0-0: Ball 1-0: Ball 2-0: Called Strike 2-1: Swinging Strike 2-2: Strikes out looking
|
|
Batting: RHB Andy Swaim
|
0-0: Ball 1-0: Called Strike Jeff Densmore steals 2nd base 1-1: Swinging Strike 1-2: Ball 2-2: Ball 3-2: Base on Balls
|
|
Batting: RHB Billy Crookston
|
0-0: Called Strike 0-1: Ball 1-1: Called Strike 1-2: Strikes out swinging
|
| Bottom of the 7th over - 0 runs, 1 hit, 0 errors, 2 left on base; San Diego 10 - Arizona 2 |
| TOP OF THE 8TH |
|
San Diego Padres batting - Pitching for Arizona Diamondbacks : RHP Raul Sanchez
|
|
Batting: SHB Phil Zacharia
|
0-0: Ball 1-0: SINGLE (Groundball, 4MD, EV 98.8 MPH)
|
|
Pitching: RHP Sean Hartgrove
|
|
|
Batting: LHB Aaron LeBlanc
|
0-0: Swinging Strike 0-1: Called Strike 0-2: Strikes out looking
|
|
Batting: RHB Manny Vergara
|
0-0: Swinging Strike 0-1: Swinging Strike 0-2: Strikes out swinging
|
|
Batting: SHB Rich Chavez
|
0-0: Foul Ball, location: 2F 0-1: Ball 1-1: Ball 2-1: 2-RUN HOME RUN (Line Drive, 89XD, EV 108.1 MPH), Distance : 400 ft
|
|
Batting: RHB Chiel Palstermans
|
0-0: Ball 1-0: Called Strike 1-1: Ball 2-1: Swinging Strike 2-2: Ground out 6-3 (Groundball, 6, EV 95.0 MPH)
|
| Top of the 8th over - 2 runs, 2 hits, 0 errors, 0 left on base; San Diego 12 - Arizona 2 |
| BOTTOM OF THE 8TH |
|
Arizona Diamondbacks batting - Pitching for San Diego Padres : RHP Bobby Mauk
|
|
Batting: RHB Jon Solano
|
0-0: Swinging Strike 0-1: Ball 1-1: Foul Ball, location: 2F 1-2: Strikes out looking
|
|
Batting: SHB Warren Eisner
|
0-0: Foul Ball, location: 2F 0-1: Foul Ball, location: 2F 0-2: Ball 1-2: Strikes out swinging
|
|
Pinch Hitting: SHB Andrew Wray II
|
0-0: Ball 1-0: Ball 2-0: SINGLE (Flyball, 89S, EV 86.2 MPH)
|
|
Batting: RHB Fabrice Bertin
|
0-0: Called Strike 0-1: Ball 1-1: Swinging Strike 1-2: Strikes out looking
|
| Bottom of the 8th over - 0 runs, 1 hit, 0 errors, 1 left on base; San Diego 12 - Arizona 2 |
| TOP OF THE 9TH |
|
San Diego Padres batting - Pitching for Arizona Diamondbacks : RHP Sean Hartgrove
|
|
Now in CF: Andrew Wray II
|
|
|
Batting: RHB Andy Sheridan
|
0-0: Called Strike 0-1: DOUBLE (Line Drive, 7LD, EV 100.6 MPH)
|
|
Batting: RHB Rodolfo Rivera
|
0-0: Reached on error, E5 (Groundball, 56S, EV 83.1 MPH) Andy Sheridan scores
|
|
Batting: RHB Jorge Severiano
|
0-0: Swinging Strike 0-1: Ball 1-1: Ball 2-1: Foul Ball, location: 2F 2-2: Foul Ball, location: 2F 2-2: Strikes out swinging
|
|
Batting: SHB Quido van Erp
|
0-0: Foul Ball, location: 2F 0-1: Ball 1-1: Ball 2-1: Foul Ball, location: 2F 2-2: Foul Ball, location: 2F 2-2: Foul Ball, location: 2F 2-2: Strikes out swinging
|
|
Batting: SHB Phil Zacharia
|
0-0: Called Strike 0-1: Ball 1-1: Ball 2-1: Foul Ball, location: 2F 2-2: Ball 3-2: Foul Ball, location: 2F 3-2: Foul Ball, location: 2F 3-2: Base on Balls
|
|
Batting: LHB Aaron LeBlanc
|
0-0: Called Strike 0-1: Foul Ball, location: 2F 0-2: Strikes out swinging
|
| Top of the 9th over - 1 run, 1 hit, 1 error, 2 left on base; San Diego 13 - Arizona 2 |
| BOTTOM OF THE 9TH |
|
Arizona Diamondbacks batting - Pitching for San Diego Padres : RHP Bobby Mauk
|
|
Batting: LHB Jeff Densmore
|
0-0: Foul Ball, location: 2F 0-1: Swinging Strike 0-2: Ball 1-2: Ground out 6-3 (Groundball, 6MS, EV 89.4 MPH)
|
|
Batting: RHB Katilimomi Kelekolio
|
0-0: Called Strike 0-1: Ball 1-1: Foul Ball, location: 2F 1-2: Ball 2-2: Ball 3-2: Base on Balls
|
|
Pitching: RHP Angelo Radford
|
|
|
Batting: SHB Alec Thorpe
|
0-0: Called Strike 0-1: Ball 1-1: 2-RUN HOME RUN (Flyball, 89XD, EV 100.6 MPH), Distance : 393 ft
|
|
Batting: RHB Andy Swaim
|
0-0: Foul Ball, location: 2F 0-1: Ball 1-1: Foul Ball, location: 2F 1-2: Ball 2-2: Foul Ball, location: 2F 2-2: Ball 3-2: Fly out, F5 (Popup, 5SF, EV 85.0 MPH)
|
|
Batting: RHB Billy Crookston
|
0-0: Ball 1-0: Swinging Strike 1-1: Foul Ball, location: 2F 1-2: Strikes out swinging
|
| Bottom of the 9th over - 2 runs, 1 hit, 0 errors, 0 left on base; San Diego 13 - Arizona 4 |
|